 Dungeon Crawl Stone Soup version 0.30.1-11-g7821555f0a (webtiles) character file.

Game seed: 10275557539506861692

188490 Kranky the Slayer (level 17, -1/264 HPs)
             Began as a Minotaur Berserker on Nov 25, 2023.
             Was a High Priest of Trog.
             Slain by a tengu reaver
             ... wielding a +0 great mace
              (3 damage)
             ... on level 15 of the Dungeon.
             The game lasted 01:13:50 (31748 turns).

Kranky the Slayer (Minotaur Berserker)             Turns: 31748, Time: 01:13:51

Health: -1/264     AC: 33    Str: 27      XL:     17   Next: 47%
Magic:  16/16      EV: 12    Int:  1 (4)  God:    Trog [*****.]
Gold:   2535       SH:  0    Dex: 14      Spells: 16/16 levels left

rFire   + . .        L - +10 trident of Demonkind {drain, rElec Will+ Str+2 Int-2}
rCold   . . .        (no shield)
rNeg    . . .        r - +3 plate armour {rF+}
rPois   +            n - +2 hat
rElec   +            O - +1 cloak "Paciuwko" {+Blink Str-2 Dex+3}
rCorr   +            R - +1 pair of gloves
SInv    .            M - +0 pair of boots {Stlth+}
Will    +++++        S - amulet of Vupn {rPois Regen+ rCorr} Stlth
                     J - ring of willpower
HPRegen 2.44/turn    W - ring of willpower
MPRegen 0.15/turn

%: no passive effects
@: berserking (expiring), strong-willed, regenerating, slowed, lost
intelligence, unable to read
A: horns 2, retaliatory headbutt
}: 1/15 runes: barnacled
a: Renounce Religion, Evoke Blink, Berserk, Trog's Hand, Brothers in Arms


You were on level 15 of the Dungeon.
You worshipped Trog.
Trog was extremely pleased with you.
You visited 5 branches of the dungeon, and saw 27 of its levels.
You also visited: Gauntlet and Ice Cave.

You collected 2535 gold pieces.

Inventory:

Hand Weapons
 L - the +10 trident of Demonkind (weapon) {drain, rElec Will+ Str+2 Int-2}
   (You took it off a spriggan on level 11 of the Dungeon)

   Str:       It affects your strength (+2).
   Int:       It affects your intelligence (-2).
   rElec:     It insulates you from electricity.
   Will:      It increases your willpower.
Missiles
 C - 7 throwing nets (quivered)
 Q - 17 silver javelins
Armour
 n - a +2 hat (worn)
 r - a +3 plate armour of fire resistance (worn)
 y - the +3 buckler "Moefury" {+Inv rC++ Regen+ Int-4}
   (You acquired it on level 14 of the Dungeon)

   Int:       It affects your intelligence (-4).
   rC:        It greatly protects you from cold.
   +Inv:      It lets you turn invisible.
   Regen:     It increases your rate of health regeneration.
 M - a +0 pair of boots of stealth (worn)
 O - the +1 cloak "Paciuwko" (worn) {+Blink Str-2 Dex+3}
   (You found it in a Gauntlet)

   Str:       It affects your strength (-2).
   Dex:       It affects your dexterity (+3).
   +Blink:    It lets you blink.
 R - a +1 pair of gloves (worn)
 X - the +6 ring mail of Quiet Fog {Fly rElec rC+++ Int-2}
   (You found it on level 5 of the Lair of Beasts)

   Int:       It affects your intelligence (-2).
   rC:        It renders you almost immune to cold.
   rElec:     It insulates you from electricity.
   Fly:       It grants you flight.
Jewellery
 d - the amulet of Vigeggom {Spirit rCorr Dex+3}
   (You found it in an ice cave)

   [amulet of guardian spirit]

   It causes incoming damage to be divided between your reserves of health and
   magic.
   Dex:       It affects your dexterity (+3).
   rCorr:     It protects you from acid and corrosion.
 f - the ring of Arrotz {rF+ Will- Int+3 Slay+2 SInv}
   (You found it on level 4 of the Shoals)

   [ring of see invisible]

   Int:       It affects your intelligence (+3).
   Slay:      It affects your accuracy & damage with ranged weapons and melee
   (+2).
   rF:        It protects you from fire.
   SInv:      It lets you see invisible.
   Will:      It decreases your willpower.
 B - a +4 ring of protection
 F - the ring of the Transparent God {Fire Int+3}
   (You found it on level 2 of the Shoals)

   [ring of fire]

   It enhances your fire magic.
   Int:       It affects your intelligence (+3).
   rF:        It protects you from fire.
   rC:        It makes you vulnerable to cold.
 I - a ring of fire
 J - a ring of willpower (left hand)
 S - the amulet of Vupn (around neck) {rPois Regen+ rCorr}
   (You found it in a Gauntlet)

   [amulet of regeneration]

   rPois:     It protects you from poison.
   Regen:     It increases your rate of health regeneration.
   rCorr:     It protects you from acid and corrosion.
 U - a ring of magical power
 W - a ring of willpower (right hand)
Wands
 c - a wand of polymorph (17)
 i - a wand of roots (36)
 m - a wand of charming (9)
 w - a wand of mindburst (13)
 x - a wand of acid (20)
 A - a wand of flame (17)
Scrolls
 a - 5 scrolls of blinking
 b - 15 scrolls of identify
 e - 17 scrolls of teleportation
 g - 3 scrolls of silence
 k - 3 scrolls of magic mapping
 l - 4 scrolls of fear
 s - 3 scrolls of fog
 t - 2 scrolls of poison
 u - 3 scrolls of immolation
 E - 3 scrolls of enchant armour
 G - a scroll of butterflies
 N - 2 scrolls of enchant weapon
Potions
 h - 13 potions of curing
 j - 2 potions of berserk rage
 o - 3 potions of haste
 p - a potion of cancellation
 q - 6 potions of attraction
 v - 5 potions of flight
 z - a potion of mutation
 K - a potion of invisibility {unknown}
 P - a potion of magic
 V - a potion of heal wounds
Miscellaneous
 D - a box of beasts
 H - a lightning rod (4/4)
 T - a phantom mirror
 Y - a phial of floods


   Skills:
 + Level 22.2 Fighting
 - Level 13.2(14.0) Polearms
 - Level 7.1(11.1) Staves
 + Level 9.1 Throwing
 + Level 22.0 Armour
 - Level 8.0 Dodging
 + Level 2.8 Shields
 + Level 7.2 Evocations


You had 16 spell levels left.
You didn't know any spells.
Your spell library was empty.

Dungeon Overview and Level Annotations

Branches:
Dungeon (15/15)            Temple (0/1) D:6            Lair (5/5) D:9
 Shoals (4/4) Lair:2        Snake (0/4) Lair:3        Slime (0/5) Lair:5
    Orc (2/2) D:12            Elf (0/3) Orc:2        Vaults (0/5) D:13
 Depths (1/4) D:15          IceCv (visited)         Gauntlet (visited)

Altars:
Elyvilon
Gozag
Okawaru
Qazlal
Wu Jian
Xom
The Shining One
Jiyva

Shops:
D:3 :   D:8 (   Orc:2 =(*[

Annotations:
Orc:1 1 runed translucent door


Innate Abilities, Weirdness & Mutations

You have a pair of horns on your head.
You reflexively headbutt those who attack you in melee.


Message History

You are too berserk!
You puncture the ettin! You drain the ettin. You headbutt the ettin!
The ettin is almost dead.
The tengu reaver misses you. You furiously retaliate!
You headbutt the tengu reaver! The tengu reaver misses you.
The tengu reaver claws you but does no damage.
You barely miss the ettin. You headbutt the ettin.
The ettin is almost dead.
The ettin hits you but does no damage.
The ettin hits you with a +0 dire flail!
* * * LOW HITPOINT WARNING * * *
The tengu reaver hits you but does no damage.
The tengu reaver pecks you but does no damage.
The tengu reaver barely misses you.
You impale the ettin!!
You kill the ettin!
Trog accepts your kill.
You feel your intelligence returning.
You hit the tengu reaver. You drain the tengu reaver.
Your headbutt misses the tengu reaver.
The tengu reaver is heavily wounded.
The tengu reaver hits you but does no damage.
The tengu reaver barely misses you.
The tengu reaver claws you but does no damage.
You puncture the tengu reaver! Your headbutt misses the tengu reaver.
The tengu reaver is severely wounded.
You closely miss the tengu reaver.
You headbutt the tengu reaver, but do no damage.
The tengu reaver is severely wounded.
The tengu reaver hits you but does no damage.
The tengu reaver pecks you.
* * * LOW HITPOINT WARNING * * *
The tengu reaver claws you but does no damage.
You puncture the tengu reaver!
The tengu reaver is severely wounded.
The tengu reaver hits you with a +0 great mace!
* * * LOW HITPOINT WARNING * * *
The tengu reaver pecks you but does no damage.
The tengu reaver claws you.
You die...

#.....#.....######
#.####.####...#
#.#⌠..#...#...#
#####.#.....###...#
#.....#...#.# #...#
#..#.#.#.#..# #...#
#.#...#.....# #...####
###...Q)#.#######.......
#...#.)@#.......#.......
####.####[).###.#.......
#...#....)..#.#.##......
#.....#.....).#.##......
#...#.#.).#.#.#<##......
###..^....#...#.#.........
##...#######.###.####......
#..........#.#.#.####......
#....~~≈.....#...#.........


You could see a tengu reaver (drained).

Vanquished Creatures
  Rupert (D:12)
  A tentacled monstrosity (Shoals:2)
  2 krakens
  Frances (D:12)
  Kirke (Lair:4)
  Gastronok (Lair:2)
  A frost giant (Shoals:3)
  2 orc warlords (Orc:1)
  A stone giant (Shoals:3)
  The ghost of Ejotwaer the Cleaver, a journeyman MiFi of the Shining One (D:14)
  2 minotaurs
  2 merfolk javelineers
  Snorg (D:11)
  2 ettins (D:15)
  5 merfolk impalers (Shoals:2)
  A great orb of eyes (D:15)
  Josephine (D:12)
  The ghost of laqueoix the Destroyer, a journeyman OpCj of Gozag (Lair:2)
  8 vault guards (D:13)
  The ghost of wWBigheadWw the Cleaver, a journeyman MiFi of Trog (Lair:1)
  Erica (D:11)
  6 hydras
  2 catoblepae
  2 merfolk avatars
  An alligator snapping turtle (Shoals:3)
  4 merfolk aquamancers
  5 boulder beetles
  6 two-headed ogres
  3 centaur warriors
  A death yak (Lair:2)
  2 satyrs
  4 tengu warriors (D:15)
  Urug (D:11)
  A hell hog (D:15)
  3 orc high priests (Orc:2)
  5 sun demons (D:15)
  2 skysharks
  Sonja (Lair:2)
  4 skeletal warriors
  The ghost of middlethird the Carver, a novice VSEE of Cheibriados (D:11)
  2 deep trolls (D:15)
  A glowing orange brain (D:15)
  10 sea snakes
  21 harpies
  3 deep elf pyromancers
  2 wizards (D:15)
  Pikel (D:6)
  4 oklob plants
  4 orc knights
  A wolf spider (Lair:5)
  18 manticores
  A salamander (Lair:3)
  2 orc sorcerers
  24 fauns
  11 cyclopes
  4 ugly things
  A black mamba (shapeshifter) (D:15)
  2 ice statues (IceCv)
  2 apocalypse crabs (Shoals:2)
  4 merfolk sirens
  11 black mambas
  A guardian serpent (Lair:5)
  7 elephants
  2 water nymphs
  A torpor snail (Lair:5)
  12 cane toads
  A gargoyle (D:13)
  Maggie (D:6)
  An unseen horror (D:10)
  3 kobold demonologists
  Psyche (D:8)
  A hellion (Gauntlet)
  4 rime drakes
  4 komodo dragons
  2 tengu conjurers (D:14)
  An efreet (D:15)
  6 trolls
  13 merfolk
  5 polar bears
  A troll (shapeshifter) (D:14)
  A tyrant leech (Gauntlet)
  4 hornets
  Grinder (D:5)
  7 wind drakes
  25 blink frogs
  5 snapping turtles
  11 dream sheep
  Sigmund (D:3)
  4 spriggans (D:11)
  11 wraiths
  7 slime creatures
  9 wyverns
  3 basilisks
  3 vampires
  6 water elementals
  3 shadows
  35 yaks
  5 hogs (Lair:4)
  Eustachio (D:4)
  3 vampire mosquitoes (D:14)
  Grum (D:10)
  5 steam dragons
  2 redbacks
  6 wargs
  Edmund (D:6)
  2 acid dragons
  4 swamp worms (Gauntlet)
  21 water moccasins
  A floating eye (Lair:5)
  29 orc warriors
  An ice beast (D:7)
  5 black bears
  6 ogres
  A sky beast (D:8)
  16 wolves
  11 centaurs
  2 lemures
  A kobold brigand (D:11)
  2 phantoms (D:7)
  A gnoll sergeant (D:7)
  8 bullfrogs
  7 scorpions
  2 cane toad simulacra (IceCv)
  6 wights
  An elephant simulacrum (IceCv)
  15 killer bees
  3 howler monkeys (D:7)
  3 lava snakes (Lair:3)
  2 hounds
  3 jellies
  2 gnoll boudas
  14 orc priests
  A sleepcap (D:7)
  Ijyb (D:4)
  5 iguanas
  A hell rat (Lair:2)
  20 orc wizards
  2 wolf simulacra (IceCv)
  14 gnolls
  8 adders
  A shadow imp (D:5)
  An ufetubus (D:5)
  4 worms
  2 dart slugs
  58 orcs
  12 ball pythons
  7 endoplasms
  A giant cockroach (D:4)
  5 goblins
  8 hobgoblins
  6 jackals
  22 kobolds
  10 quokkas
  7 bats
  10 frilled lizards
  5 rats
  A butterfly (Lair:3)
  8 tentacles
836 creatures vanquished.

Vanquished Creatures (collateral kills)
  A merfolk impaler (Shoals:4)
  Harold (D:9)
  A merfolk avatar (Shoals:4)
  3 satyrs (Shoals:4)
  A sea snake (Shoals:4)
  A lindwurm (Lair:5)
  2 harpies (Shoals:4)
  A cyclops (Shoals:4)
  6 fauns (Shoals:4)
  2 merfolk sirens (Shoals:4)
  A manticore (Shoals:4)
  A water nymph (Shoals:4)
  A rime drake (Lair:5)
  A cane toad (Lair:5)
  4 merfolk (Shoals:4)
  A hell hound (Gauntlet)
  A gnoll bouda (D:6)
  4 gnolls (D:6)
33 creatures vanquished.

Vanquished Creatures (others)
  An ugly thing (IceCv)
  A snapping turtle (Shoals:4)
  2 humans (Lair:5)
  24 tentacles
28 creatures vanquished.

Grand Total: 897 creatures vanquished

Notes
Turn   | Place    | Note
-------+----------+-------------------------------------------
     0 | D:1      | Kranky the Minotaur Berserker began the quest for the Orb.
     0 | D:1      | Reached XP level 1. HP: 19/19 MP: 0/0
    53 | D:1      | Reached XP level 2. HP: 27/27 MP: 1/1
   309 | D:1      | Reached ** piety under Trog
   388 | D:1      | Reached XP level 3. HP: 25/33 MP: 2/2
   816 | D:2      | Found an ornate altar of the Wu Jian Council.
  1285 | D:2      | Reached XP level 4. HP: 41/41 MP: 3/3
  1367 | D:2      | Reached *** piety under Trog
  1799 | D:3      | Identified the +0 scale mail "Howkubid" {Str+3}
  1919 | D:3      | Noticed Sigmund
  2095 | D:3      | Found Baol's Book Emporium.
  2118 | D:3      | Reached XP level 5. HP: 42/47 MP: 4/4
  2164 | D:3      | Killed Sigmund
  2165 | D:3      | Reached skill level 5 in Fighting
  2165 | D:3      | Reached skill level 5 in Polearms
  2165 | D:3      | Reached XP level 6. HP: 56/56 MP: 5/5
  2560 | D:4      | Found an opulent altar of Gozag.
  2820 | D:4      | Noticed Ijyb
  2824 | D:4      | Killed Ijyb
  2983 | D:4      | Noticed Eustachio
  3021 | D:4      | Killed Eustachio
  3022 | D:4      | Reached skill level 5 in Armour
  3022 | D:4      | Reached XP level 7. HP: 38/63 MP: 6/6
  3456 | D:5      | Entered Level 5 of the Dungeon
  3649 | D:5      | Reached skill level 5 in Dodging
  3721 | D:5      | Reached skill level 1 in Evocations
  3826 | D:5      | Reached **** piety under Trog
  4015 | D:5      | Reached XP level 8. HP: 71/71 MP: 7/7
  4111 | D:5      | Noticed Grinder
  4111 | D:5      | Paralysed by Grinder for 5 turns
  4126 | D:5      | Killed Grinder
  4467 | D:6      | Noticed Pikel
  4471 | D:6      | Noticed Maggie
  4689 | D:6      | Found a stormy altar of Qazlal.
  4704 | D:6      | Found a staircase to the Ecumenical Temple.
  4852 | D:6      | Noticed Edmund
  4860 | D:6      | Killed Edmund
  5059 | D:6      | Killed Maggie
  5060 | D:6      | Reached XP level 9. HP: 55/81 MP: 8/8
  5234 | D:6      | Killed Pikel
  5503 | D:6      | Found a white marble altar of Elyvilon.
  5704 | D:6      | Found an iron altar of Okawaru.
  6984 | D:7      | Noticed a troll
  6990 | D:7      | Killed a troll
  6994 | D:7      | Reached XP level 10. HP: 32/90 MP: 9/9
  7564 | D:8      | Reached skill level 5 in Evocations
  7567 | D:8      | Reached ***** piety under Trog
  8205 | D:8      | Found a glowing golden altar of the Shining One.
  8208 | D:8      | Noticed Psyche
  8230 | D:8      | Killed Psyche
  8635 | D:8      | Found Humexzaytu's Weapon Shoppe.
  8870 | D:9      | Noticed a rust devil
  9102 | D:8      | Reached skill level 10 in Fighting
  9102 | D:8      | Reached skill level 10 in Polearms
  9542 | D:9      | Noticed an elephant
  9550 | D:9      | Killed an elephant
  9560 | D:9      | Reached skill level 10 in Armour
  9560 | D:9      | Reached XP level 11. HP: 101/101 MP: 10/10
  9563 | D:9      | Found a staircase to the Lair.
  9566 | D:9      | Noticed Harold
  9578 | D:9      | Killed Harold
  9868 | D:9      | Identified the +9 quarterstaff of the Eleven Hells {flame,
                  | rF+ rN+ Dex+3}
 10302 | D:10     | Entered Level 10 of the Dungeon
 10320 | D:10     | Reached skill level 1 in Staves
 10545 | D:10     | Noticed a two-headed ogre
 10553 | D:10     | Killed a two-headed ogre
 10794 | D:10     | Found a shimmering altar of Xom.
 10795 | D:10     | Found a shimmering altar of Xom.
 10806 | D:10     | Noticed Grum
 10808 | D:10     | Found a shimmering altar of Xom.
 10811 | D:10     | Killed Grum
 11284 | D:11     | Noticed a boulder beetle
 11301 | D:11     | Killed a boulder beetle
 11390 | D:11     | Noticed Urug
 11391 | D:11     | Noticed a two-headed ogre
 11402 | D:11     | Killed Urug
 11405 | D:11     | Killed a two-headed ogre
 11406 | D:11     | Reached skill level 5 in Staves
 11684 | D:11     | Noticed a two-headed ogre
 11690 | D:11     | Killed a two-headed ogre
 11829 | D:11     | Noticed Snorg
 11837 | D:11     | Killed Snorg
 11843 | D:11     | Reached XP level 12. HP: 113/113 MP: 11/11
 11877 | D:11     | Noticed Erica
 11888 | D:11     | Killed Erica
 12314 | D:11     | Found a runed translucent door.
 12317 | D:11     | Noticed middlethird's ghost (novice VSEE)
 12319 | D:11     | Identified the +10 trident of Demonkind {drain, rElec Will+
                  | Str+2 Int-2}
 12480 | D:11     | Killed middlethird's ghost
 12773 | D:12     | Noticed a boulder beetle
 12787 | D:11     | Killed a boulder beetle
 12842 | D:12     | Reached skill level 1 in Throwing
 12872 | D:12     | Noticed Frances
 12940 | D:12     | Killed Frances
 12999 | D:12     | Noticed a two-headed ogre
 13007 | D:12     | Noticed Josephine
 13036 | D:12     | Killed a two-headed ogre
 13050 | D:12     | Killed Josephine
 13343 | D:12     | Noticed Rupert
 13360 | D:12     | Killed Rupert
 13709 | D:12     | Reached XP level 13. HP: 121/123 MP: 12/12
 13963 | D:12     | Identified the +2 dagger "Vale" {heavy, rElec Str+7} (Trog
                  | gifted it to you on level 12 of the Dungeon)
 13963 | D:12     | Received a gift from Trog
 14133 | D:12     | Found a staircase to the Orcish Mines.
 14278 | D:12     | Found an ornate altar of the Wu Jian Council.
 14499 | D:13     | Reached skill level 5 in Throwing
 14672 | Lair:1   | Entered Level 1 of the Lair of Beasts
 14674 | Lair:1   | Found a gate leading to a gauntlet.
 14691 | Gauntlet | Entered a Gauntlet
 14691 | Gauntlet | Found a transporter.
 14701 | Gauntlet | Found a transporter.
 14704 | Gauntlet | Found a transporter.
 14708 | Gauntlet | Found a transporter.
 14709 | Gauntlet | Found a transporter.
 14711 | Gauntlet | Found a transporter.
 14720 | Gauntlet | Found a transporter.
 14730 | Gauntlet | Found a transporter.
 14746 | Gauntlet | Found a transporter.
 14759 | Gauntlet | Found a transporter.
 14763 | Gauntlet | Found a transporter.
 14775 | Gauntlet | Found a transporter.
 14866 | Gauntlet | Identified the +1 cloak "Paciuwko" {+Blink Str-2 Dex+3}
 14888 | Gauntlet | Noticed a minotaur
 14900 | Gauntlet | Killed a minotaur
 14908 | Gauntlet | Identified the amulet of Vupn {rPois Regen+ rCorr}
 14923 | Lair:1   | Found a frozen archway.
 14943 | IceCv    | Entered an ice cave
 15025 | IceCv    | Found a transporter.
 15030 | IceCv    | Found the +11 Singing Sword {sonic wave}
 15037 | IceCv    | Found a transporter.
 15120 | IceCv    | Identified the amulet of Vigeggom {Spirit rCorr Dex+3}
 15807 | Lair:1   | Found a large runed translucent door.
 15808 | Lair:1   | Found a large runed translucent door.
 15809 | Lair:1   | Noticed wWBigheadWw's ghost (journeyman MiFi)
 15959 | Lair:1   | Killed wWBigheadWw's ghost
 16252 | Lair:2   | Noticed Sonja
 16257 | Lair:2   | Killed Sonja
 16258 | Lair:2   | Reached skill level 15 in Fighting
 16306 | Lair:2   | Found a runed translucent door.
 16308 | Lair:2   | Noticed laqueoix's ghost (journeyman OpCj)
 16670 | Lair:2   | Reached skill level 15 in Armour
 16781 | Lair:2   | Received a gift from Trog
 16782 | Lair:2   | Reached XP level 14. HP: 129/135 MP: 13/13
 17021 | Lair:2   | Found a staircase to the Shoals.
 17204 | Lair:2   | Killed laqueoix's ghost
 17276 | Lair:3   | Noticed Gastronok
 17382 | Lair:2   | Killed Gastronok
 17563 | Lair:3   | Found a staircase to the Snake Pit.
 18843 | Lair:5   | Entered Level 5 of the Lair of Beasts
 19165 | Lair:5   | Noticed Kirke
 19205 | Lair:4   | Killed Kirke
 19418 | Lair:5   | Identified the +6 ring mail of Quiet Fog {Fly rElec rC+++
                  | Int-2}
 19598 | Lair:5   | Paralysed by a floating eye for 2 turns
 19604 | Lair:5   | Paralysed by a floating eye for 4 turns
 19624 | Lair:5   | HP: 4/140 [cane toad (9)]
 19638 | Lair:5   | Reached XP level 15. HP: 62/148 MP: 14/14
 19725 | Lair:5   | Identified the +1 robe of Xuimuoce {rCorr}
 19822 | Lair:5   | Found a viscous altar of Jiyva.
 19823 | Lair:5   | Found a staircase to the Slime Pits.
 20543 | Orc:1    | Entered Level 1 of the Orcish Mines
 20678 | D:12     | Received a gift from Trog
 20977 | Orc:2    | Entered Level 2 of the Orcish Mines
 21196 | Orc:2    | Found Xotutry's Antique Armour Emporium.
 21237 | Orc:2    | Found a staircase to the Elven Halls.
 21307 | Orc:2    | Found Itoohaxo's General Store.
 21800 | Orc:2    | Found Pijituish's Antique Weapon Boutique.
 21815 | Orc:2    | Found Etizig's Jewellery Shop.
 22519 | Orc:1    | Found a runed translucent door.
 23004 | Shoals:1 | Entered Level 1 of the Shoals
 23394 | Shoals:1 | Reached ****** piety under Trog
 23698 | Shoals:1 | Identified the +6 long sword of Yhofuos {flame, Int-5 Dex+3
                  | Stlth+}
 24302 | Shoals:2 | Noticed a tentacled monstrosity
 24310 | Shoals:2 | Killed a tentacled monstrosity
 24319 | Shoals:2 | Identified the ring of the Transparent God {Fire Int+3}
 24367 | Shoals:2 | Noticed a kraken
 24622 | Shoals:2 | Killed a kraken
 25462 | Shoals:3 | Received a gift from Trog
 25733 | Shoals:3 | Reached XP level 16. HP: 157/162 MP: 15/15
 25851 | Shoals:3 | Noticed a kraken
 25891 | Shoals:3 | Killed a kraken
 26859 | Shoals:4 | Entered Level 4 of the Shoals
 26900 | Shoals:3 | Received a gift from Trog
 27477 | Shoals:4 | Got a barnacled rune of Zot
 27823 | Shoals:4 | Identified the +4 long sword "Nuyruzex" {flame, rPois}
 28141 | Shoals:4 | Received a gift from Trog
 28558 | Shoals:4 | Identified the ring of Arrotz {rF+ Will- Int+3 Slay+2 SInv}
 28624 | Shoals:4 | Reached XP level 17. HP: 149/176 MP: 16/16
 29127 | D:13     | Found a gate to the Vaults.
 29268 | D:13     | Identified the +0 chain mail "Lyil Car" {rC+}
 29895 | D:14     | Found a runed translucent gate.
 29895 | D:14     | Found a runed translucent gate.
 29896 | D:14     | Found a runed translucent gate.
 30022 | D:14     | Noticed Ejotwaer's ghost (journeyman MiFi)
 30453 | D:14     | Killed Ejotwaer's ghost
 30458 | D:14     | Identified the staff of poison "Woigumue" {rElec rPois
                  | Str+3}
 30507 | D:14     | Identified a scroll of acquirement
 30507 | D:14     | Acquired the +3 buckler "Moefury" {+Inv rC++ Regen+ Int-4}
 30512 | D:15     | Entered Level 15 of the Dungeon
 30567 | D:15     | Reached skill level 1 in Shields
 30770 | D:15     | Found a staircase to the Depths.
 31187 | Depths:1 | Entered Level 1 of the Depths
 31727 | Depths:1 | Lost intelligence.
 31743 | D:15     | HP: 11/264 [ettin/+0 dire flail (9)]
 31748 | D:15     | HP: 2/264 [tengu reaver/+0 great mace (10)]
 31748 | D:15     | Slain by a tengu reaver

Illustrated notes

Levels and vault maps discovered:
D:1:      dpeg_arrival_rooms_c, layout_loops_cross, st_stairs_9,
          nicolae_kite_square_tiling_tiny
D:2:      layout_loops_corners, basic_altar, due_unseen_surprise
D:3:      layout_rooms, serial_shops, shop, uniq_sigmund
D:4:      layout_basic, overflow_temple_1_default, uniq_ijyb, uniq_eustachio
D:5:      layout_cave_pods, hangedman_decor_lopped, uniq_grinder
D:6:      layout_gridville, mainiacjoe_overflow_paths,
          mainiacjoe_overflow_big_doors, temple_fountains, uniq_pikel,
          uniq_maggie, uniq_edmund
D:7:      minmay_octagon_keep, layout_loops_cross, nicolae_eternal_life,
          hangedman_decor_push
D:8:      layout_gridville, mainiacjoe_overflow_chevrons, serial_shops,
          nicolae_shop_tiny_statue_garden, chequers_serial_rivers_micro_a,
          uniq_psyche
D:9:      layout_loops_ring, david_lair_generic, uniq_harold
D:10:     layout_roguey, xom_redecorated, uniq_grum
D:11:     layout_loops_ring, ebering_ghost_funeral_grove, uniq_snorg,
          uniq_erica, uniq_urug
D:12:     hellmonk_ruined_rings, layout_gridville, david_orc_4, minivault_25,
          pdpol_wu_jian_five_deadly_venoms, uniq_frances, uniq_rupert,
          uniq_josephine
D:13:     layout_roguey, erik_vaults_2
D:14:     layout_loops_ring, maelrawn_ghost_gauntlet_escape, grunt_decor_clamped
D:15:     hangedman_depths_entry_civil_slaughter, layout_basic,
          dreamdust_princess_corridor, lemuel_another_geyser
Lair:1:   layout_chaotic_city, ebering_ghost_disaster_area,
          gauntlet_entry_generic, portal_ice_cave_entry_pillars_2,
          infiniplex_staircase_pool, grunt_megastairs_4
Lair:2:   nzn_winding_woodlands_cross [nzn_winding_woodlands_5x15_garden,
          nzn_winding_woodlands_5x15_zeroes, nzn_winding_woodlands_5x15_parted,
          nzn_winding_woodlands_5x15_default,
          nzn_winding_woodlands_15x15_boxy_spiral], layout_long_grid,
          elwin_shoals_entry_rooms, ebering_ghost_inner_flame, st_stairs_10,
          uniq_sonja
Lair:3:   layout_cave_shapes, nicolae_snake_entry_warm_welcome,
          lemuel_fruit_fields, uniq_gastronok
Lair:4:   layout_regular_city
Lair:5:   hangedman_lair_tendril_chambers, layout_regular_city,
          nicolae_slime_entry_slimehenge, st_stairs_7, disabler_island,
          uniq_kirke
Shoals:1: layout_shoals
Shoals:2: dreamdust_from_the_deep, layout_shoals, nicolae_shoals_so_close
Shoals:3: layout_shoals, st_shoals_ruin
Shoals:4: shoals_end_grunt_garden, layout_shoals, nicolae_shoals_drake_roost
Orc:1:    dreamdust_dug_too_deep, layout_caves
Orc:2:    grunt_orc_gardens, layout_caves, grunt_orc_garden, grunt_orc_garden,
          grunt_orc_garden, grunt_orc_garden
Depths:1: kennysheep_scales, layout_basic,
          nicolae_hell_entry_hellmouth_sunbeams, serial_shops,
          kennysheep_little_box, nrook_mini_backslash, reono_crystal_passage,
          grunt_decor_cap, minivault_16, nicolae_ru_awakened_eye

Skill      XL: |  1  2  3  4  5  6  7  8  9 10 11 12 13 14 15 16 17 |
---------------+----------------------------------------------------+-----
Fighting       | 4 5 6 7 8 10 12 13 15 17 19 21 22 | 22.2
Polearms       | 4 5 6 7 8 10 12 13 | 13.2
Armour         | 3 4 5 7 8 10 12 13 15 17 19 21 22 | 22.0
Dodging        | 3 4 5 6 7 8 |  8.0
Evocations     | 1 3 4 6 7 |  7.2
Staves         | 6 7 |  7.1
Throwing       | 4 7 8 9 |  9.1
Shields        | 2 |  2.8

Action                     |  1- 3 |  4- 6 |  7- 9 | 10-12 | 13-15 | 16-18 || total
---------------------------+-------+-------+-------+-------+-------+-------++-------
  Melee: Spear             |   145 |    75 |       |       |       |       ||   220
         Headbutt          |    18 |    13 |    25 |    89 |   240 |   159 ||   544
         Punch             |     1 |     1 |       |     1 |     8 |    10 ||    21
         Halberd           |       |    64 |   209 |   160 |       |       ||   433
         Quarterstaff      |       |       |       |   162 |       |       ||   162
         Trident           |       |       |       |   132 |  1355 |   771 ||  2258
 Invoke: Trog's Hand       |       |     2 |     2 |     3 |     3 |     2 ||    12
         Berserk           |       |     1 |     2 |     5 |     3 |     1 ||    12
         Brothers in Arms  |       |       |     1 |     3 |     3 |     4 ||    11
Ability: Evoke Blink       |       |       |       |       |     5 |       ||     5
  Evoke: Box of beasts     |       |       |       |       |     1 |       ||     1
         Wand              |       |       |       |       |       |     2 ||     2
    Use: Scroll            |       |       |    17 |     2 |     7 |     1 ||    27
         Potion            |       |       |       |     4 |     4 |     1 ||     9
   Stab: Distracted        |       |       |       |       |     1 |     1 ||     2
         Petrified         |       |       |       |       |     3 |       ||     3
         Sleeping          |       |       |       |       |     1 |       ||     1
 Armour: Animal skin       |     4 |       |       |       |       |       ||     4
         Ring mail         |    27 |     7 |       |       |   129 |   160 ||   323
         Scale mail        |       |    28 |    59 |     2 |       |       ||    89
         Plate armour      |       |       |       |   254 |   652 |   182 ||  1088
  Dodge: Dodged            |    67 |    67 |   129 |   214 |   677 |   360 ||  1514
